 Dungeon Crawl Stone Soup version 0.32-a0-42-ga30500b4d3 (webtiles) character file.

Game seed: 10676293461191964134

111248 CraigForest the Phalangite (level 16, -4/112 (116) HPs)
             Began as a Merfolk Fighter on Feb 1, 2024.
             Was the Champion of Hepliaklqana.
             Slain by a profane servitor
             ... wielding a +1 whip
              (19 damage)
             ... on level 3 of the Abyss.
             The game lasted 01:42:09 (24307 turns).

CraigForest the Phalangite (Merfolk Fighter)       Turns: 24307, Time: 01:42:11

HP:   -4/112 (116)  AC: 18    Str: 28    XL:     16   Next: 57%
MP:   16/16         EV: 25    Int:  8    God:    Hepliaklqana [******]
Gold: 506           SH: 18    Dex: 18    Spells: 15/15 levels left

rFire   x . .        a - +1 trident (elec)
rCold   . . .        z - +0 kite shield
rNeg    . . .        N - +3 acid dragon scales
rPois   +            r - +0 helmet
rElec   +            E - +2 cloak "Hotuyf" {rElec Will+}
rCorr   +            w - +1 pair of gloves
SInv    +            t - +0 pair of boots
Will    +....        Z - amulet of reflection
Stlth   ++++         k - ring "Pelaewk" {rPois rF+ Dex+3 SInv}
HPRegen 0.38/turn    B - +6 ring of strength
MPRegen 0.15/turn

%: reflection
@: mighty, weak-willed, hasted (expiring), wreathed by umbra, studying Dodging,
lightly drained, very quick
A: reduced essence, (nimble swimmer 2), mertail, [heat vulnerability 2]
a: Renounce Religion, Recall Ancestor, Ancestor Identity, Transference, Idealise


You were on level 3 of the Abyss.
You worshipped Hepliaklqana.
Hepliaklqana was exalted by your worship.
You visited 3 branches of the dungeon, and saw 21 of its levels.
You visited the Abyss 1 time.
You also visited: Ice Cave.

You collected 1646 gold pieces.
You spent 1140 gold pieces at shops.

Inventory:

Hand Weapons
 a - a +1 trident of electrocution (weapon)
 A - the +6 flail of Indomitability {flame, Fly rC+}
   (You found it on level 3 of the Lair of Beasts)

   rC+:       It protects you from cold.
   Fly:       It grants you flight.
 G - a +1 demon trident of electrocution
 P - the +6 war axe of Linearity {freeze, Fly}
   (You found it on level 8 of the Dungeon)

   Fly:       It grants you flight.
Missiles
 y - 5 silver javelins
 M - 6 throwing nets
Armour
 c - a +0 buckler
 r - a +0 helmet (worn)
 t - a +0 pair of boots (worn)
 w - a +1 pair of gloves (worn)
 z - a +0 kite shield (worn)
 E - the +2 cloak "Hotuyf" (worn) {rElec Will+}
   (You found it on level 4 of the Dungeon)

   rElec:     It insulates you from electricity.
   Will+:     It increases your willpower.
 N - +3 acid dragon scales (worn)
 S - the +3 scale mail of Bad Feelings {rElec}
   (You found it on level 1 of the Lair of Beasts)

   rElec:     It insulates you from electricity.
Jewellery
 k - the ring "Pelaewk" (left hand) {rPois rF+ Dex+3 SInv}
   (You found it on level 15 of the Dungeon)

   [ring of poison resistance]

   Dex+3:     It affects your dexterity (+3).
   rF+:       It protects you from fire.
   rPois:     It protects you from poison SInv: It lets you see invisible.
 n - a ring of fire
 B - a +6 ring of strength (right hand)
 C - a +4 ring of protection
 H - a ring of protection from fire
 I - a ring of ice
 L - a ring of positive energy
 U - a ring of protection from cold
 Z - an amulet of reflection (around neck)
Wands
 b - a wand of quicksilver (3)
 s - a wand of polymorph (42)
 D - a wand of iceblast (5)
 K - a wand of charming (39)
 Q - a wand of mindburst (45)
 W - a wand of flame (15) (quivered)
Scrolls
 e - a scroll of immolation
 h - 2 scrolls of blinking
 i - a scroll of poison
 m - a scroll of fear
 p - a scroll of enchant armour
 u - 7 scrolls of teleportation
 v - 2 scrolls of brand weapon
Potions
 d - a potion of mutation {unknown}
 f - a potion of invisibility {unknown}
 g - 7 potions of curing
 j - 2 potions of enlightenment
 o - 3 potions of ambrosia
 x - 5 potions of haste
 F - 3 potions of cancellation
 J - a potion of degeneration {unknown}
 T - 2 potions of lignification
 V - a potion of might
 Y - 2 potions of resistance


   Skills:
 + Level 12.9 Fighting
 * Level 22.0 Polearms
 + Level 6.2 Armour
 * Level 21.0 Dodging
 + Level 8.7 Stealth
 + Level 11.9 Shields
 + Level 0.8 Evocations


You had 15 spell levels left.
You didn't know any spells.
Your spell library contained the following spells:

 Spells                   Type           Power      Damage    Failure   Level
 Apportation              Tloc           0%         N/A       61%         1
 Necrotise                Necr           0%         1d4       61%         1
 Slow                     Hex            0%         N/A       61%         1
 Summon Small Mammal      Summ           0%         N/A       61%         1
 Cigotuvi's Dreadful Rot  Necr/Alch/Air  0%         N/A       75%         2
 Ensorcelled Hibernation  Hex/Ice        0%         N/A       75%         2
 Jinxbite                 Hex            0%         N/A       75%         2
 Call Canine Familiar     Summ           0%         N/A       93%         3
 Fugue of the Fallen      Necr           0%         N/A       93%         3
 Vampiric Draining        Necr           0%         2d6       93%         3
 Volatile Blastmotes      Fire/Tloc      0%         2d10      93%         3
 Anguish                  Hex/Necr       0%         N/A       100%        4
 Animate Dead             Necr           0%         N/A       100%        4
 Dimensional Bullseye     Hex/Tloc       0%         N/A       100%        4
 Fulminant Prism          Conj/Alch      0%         3d5       100%        4
 Ignite Poison            Fire/Alch      0%         N/A       100%        4
 Iskenderun's Mystic Bla  Conj/Tloc      0%         2d3       100%        4
 Martyr's Knell           Necr/Summ      0%         N/A       100%        4
 Sticky Flame             Fire/Alch      0%         2d4       100%        4
 Summon Blazeheart Golem  Fire/Summ      0%         N/A       100%        4
 Alistair's Intoxication  Alch           0%         N/A       100%        5
 Curse of Agony           Necr           0%         N/A       100%        5
 Freezing Cloud           Conj/Ice/Air   0%         6-21      100%        5
 Metabolic Englaciation   Hex/Ice        0%         N/A       100%        5
 Sculpt Simulacrum        Ice/Alch       0%         N/A       100%        6
 Haunt                    Necr/Summ      0%         N/A       100%        7
 Ignition                 Fire           0%         3d3       100%        8
 Infestation              Necr           0%         N/A       100%        8


Dungeon Overview and Level Annotations

Branches:
Dungeon (15/15)            Temple (1/1) D:4            Lair (5/5) D:9
 Shoals (0/4) Lair:2        Snake (0/4) Lair:3        Slime (0/5) Lair:5
    Orc (0/2) D:9          Vaults (0/5) D:14         Depths (0/4) D:15
  IceCv (visited)

Altars:
Ashenzari
Cheibriados
Dithmenos
Elyvilon
Fedhas
Gozag
Hepliaklqana
Kikubaaqudgha
Makhleb
Nemelex Xobeh
Okawaru
Qazlal
Ru
Sif Muna
Trog
Uskayaw
Vehumet
Wu Jian
Xom
Yredelemnul
Zin
The Shining One
Jiyva
Lugonu

Shops:
D:4 (   D:7 *   D:10 :   D:12 *[*

Portals:
Abyss: Lair:5


Innate Abilities, Weirdness & Mutations

Your life essence is reduced to manifest your ancestor. (-10% HP)
((You are very nimble when in or above water. (Stealth+, EV+, Speed+++)))
Your lower body shifts to a powerful aquatic tail in water.
[You are very vulnerable to heat. (rF--)]


Message History

The profane servitor is engulfed in seething chaos.
You block the profane servitor's attack.
The profane servitor hits you but does no damage.
The starcursed mass is engulfed in seething chaos.
The starcursed mass seems to grow stronger.
The phantasmal warrior is engulfed in seething chaos.
The phantasmal warrior appears confused.
You are engulfed in seething chaos.
The profane servitor is engulfed in seething chaos.
You block the profane servitor's attack. x2
The apocalypse crab is engulfed in seething chaos.
The apocalypse crab suddenly seems more resistant.
The apocalypse crab attacks as it pursues you!
You block the apocalypse crab's attack.
The apocalypse crab completely misses you.
You puncture the profane servitor!
The profane servitor is moderately damaged.
You are engulfed in seething chaos.
Your willpower is stripped away!
The starcursed mass is engulfed in seething chaos.
The phantasmal warrior is engulfed in seething chaos.
The phantasmal warrior blinks!
Your large abomination is engulfed in seething chaos.
Your smoke demon is engulfed in seething chaos.
Your smoke demon hits the apocalypse crab but does no damage. x3
Your smoke demon is engulfed in seething chaos.
Your smoke demon looks weaker.
You puncture the profane servitor!
The profane servitor is heavily damaged.
You are engulfed in seething chaos.
The profane servitor is engulfed in seething chaos.
The profane servitor misses you.
The profane servitor hits you with a +1 whip.
* * * LOW HITPOINT WARNING * * *
You puncture the profane servitor!
The profane servitor is heavily damaged.
You are engulfed in seething chaos.
Your extra speed is starting to run out.
The profane servitor is engulfed in seething chaos.
The profane servitor hits you with a +1 whip!!
You die...

## ####
.# #...#
z##
#.§##X*#
#X@A###
##3t3§#
#§§§#..#
##.####.#
..## . .#
.. .. .#
... # #


You could see a profane servitor (ally target), a starcursed mass (strong), a
wretched star, an apocalypse crab (resistant, distracted), a friendly large
abomination (summoned) and 2 friendly smoke demons.

Vanquished Creatures
  A tentacled starspawn (Abyss:2)
  An Executioner (Abyss:1)
  A stone giant (D:15)
  3 very ugly things
  Azrael (D:15)
  A red draconian (Abyss:3)
  A lorocyproca (Abyss:2)
  A fire dragon (D:15)
  A green death (Abyss:1)
  The ghost of knightboat the Fighter, a journeyman DjSh of Wu Jian (D:10)
  An entropy weaver (shapeshifter) (D:14)
  5 hydras
  2 boulder beetles
  2 centaur warriors
  10 death yaks
  2 tengu warriors (D:15)
  5 two-headed ogres
  The ghost of elongatedgoose the Skirmisher, a journeyman TeHu of Qazlal (Lair:1)
  The ghost of knightboat the Fighter, a novice DjAE of Qazlal (D:8)
  Urug (Lair:4)
  2 wretched stars
  A sun demon (Abyss:1)
  7 skeletal warriors
  A sixfirhy (D:9)
  3 slime creatures
  A mana viper (shapeshifter) (D:14)
  A starcursed mass (Abyss:3)
  An orc knight (D:15)
  25 ugly things
  An orc sorcerer (D:15)
  2 cyclopes
  2 manticores
  5 large abominations
  A black mamba (shapeshifter) (D:15)
  8 elephants
  A black mamba (Lair:3)
  3 gargoyles
  A torpor snail (Lair:3)
  A smoke demon (Lair:5)
  4 cane toads
  8 komodo dragons
  An orange demon (Abyss:2)
  2 rime drakes (D:13)
  A tengu conjurer (D:14)
  2 kobold demonologists
  2 unseen horrors
  An ancient zyme (Abyss:2)
  A yaktaur (D:15)
  A queen bee (D:9)
  4 trolls
  A hellwing (Abyss:2)
  2 polar bears (Lair:4)
  9 raiju
  A queen bee (shapeshifter) (D:9)
  2 dream sheep (Lair:5)
  9 blink frogs
  A shadow (D:11)
  Sigmund (D:3)
  4 ynoxinuls
  14 small abominations
  2 fire elementals
  A hog (shapeshifter) (D:13)
  A human (shapeshifter) (D:15)
  6 basilisks
  2 golden eyes (Abyss:3)
  4 wyverns
  20 yaks
  3 steam dragons
  2 vampire mosquitoes (D:13)
  Menkaure (D:6)
  A naga (Lair:3)
  Edmund (D:4)
  2 chaos spawn
  An acid dragon (D:9)
  2 hell hounds (D:15)
  10 water moccasins
  A sky beast (D:8)
  4 orc warriors
  4 ice beasts
  5 laughing skulls
  3 black bears
  15 wolves
  An ogre (shapeshifter) (D:14)
  12 centaurs
  A phantom (D:3)
  11 kobold brigands
  2 gnoll sergeants
  11 bullfrogs
  A brain worm (Abyss:2)
  2 scorpions
  2 cane toad simulacra (IceCv)
  10 wights
  20 killer bees (D:9)
  An electric eel (D:8)
  A howler monkey (D:6)
  A battlemage (D:12)
  9 orc priests
  2 bombardier beetles
  A hound (D:5)
  3 gnoll boudas
  4 jellies
  A sleepcap (D:7)
  An iguana (D:6)
  12 orc wizards
  Robin (D:4)
  23 gnolls
  4 adders
  5 white imps
  3 ufetubi
  A ribbon worm (D:2)
  2 dart slugs
  49 orcs
  3 ball pythons
  3 bats
  8 endoplasms
  3 giant cockroaches
  13 goblins
  6 hobgoblins
  15 kobolds
  4 quokkas
  2 frilled lizards
  5 rats
  2 starspawn tentacles (Abyss:2)
532 creatures vanquished.

Vanquished Creatures (collateral kills)
  The ghost of cforsyth the Warrior, a journeyman DjRe of Yredelemnul (Lair:3)
  A blizzard demon (Abyss:1)
  A hydra (D:14)
  A boulder beetle (D:14)
  3 death yaks
  3 thrashing horrors
  A shadow wraith (Abyss:2)
  A sixfirhy (Abyss:3)
  4 large abominations
  A starcursed mass (Abyss:3)
  6 ugly things
  A cyclops (D:14)
  A black mamba (Lair:1)
  3 elephants
  4 smoke demons
  4 cane toads
  4 komodo dragons
  A rime drake (Lair:4)
  A tengu conjurer (D:15)
  A hellwing (Abyss:2)
  A troll (shapeshifter) (D:15)
  10 raiju
  9 blink frogs
  5 dream sheep (Lair:5)
  A raiju (shapeshifter) (D:14)
  A ynoxinul (Abyss:2)
  4 slime creatures
  2 shadows
  7 small abominations
  2 basilisks (Lair:5)
  2 fire elementals (D:15)
  9 yaks
  A golden eye (Abyss:3)
  A vampire mosquito (D:13)
  2 chaos spawn
  2 nagas (Lair:3)
  A harpy simulacrum (IceCv)
  5 water moccasins
  A hell hound (D:15)
  2 laughing skulls
  6 wolves
  A centaur (D:12)
  A killer bee (D:9)
  A lava snake (D:11)
  An iron imp (Abyss:1)
  A wolf simulacrum (IceCv)
  2 gnolls (D:13)
  3 ufetubi
  2 orcs
  An endoplasm (Lair:5)
  A bat (D:10)
131 creatures vanquished.

Vanquished Creatures (others)
  A small abomination (Abyss:1)
  21 battlemagi
  2 ancestors (D:9)
  An orc wizard (D:4)
25 creatures vanquished.

Grand Total: 688 creatures vanquished

Notes
Turn   | Place    | Note
-------+----------+-------------------------------------------
     0 | D:1      | CraigForest the Merfolk Fighter began the quest for the
                  | Orb.
     0 | D:1      | Reached XP level 1. HP: 18/18 MP: 1/1
   254 | D:1      | Reached XP level 2. HP: 24/24 MP: 2/2
   512 | D:1      | Reached skill level 3 in Polearms
   927 | D:2      | Reached XP level 3. HP: 29/29 MP: 3/3
  1022 | D:2      | Reached skill level 1 in Dodging
  1026 | D:2      | Reached skill level 4 in Polearms
  1028 | D:2      | Reached XP level 4. HP: 13/37 MP: 4/4
  1507 | D:3      | Found a faded altar of an unknown god.
  1581 | D:3      | Noticed Sigmund
  1589 | D:3      | Killed Sigmund
  1590 | D:3      | Reached skill level 6 in Polearms
  1590 | D:3      | Reached XP level 5. HP: 40/42 MP: 5/5
  1590 | D:3      | Reached XP level 6. HP: 45/48 MP: 6/6
  2007 | D:4      | Found Cegamegh's Weapon Boutique.
  2034 | D:4      | Found a stormy altar of Qazlal.
  2229 | D:4      | Found a staircase to the Ecumenical Temple.
  2238 | Temple   | Entered the Ecumenical Temple
  2364 | Temple   | Became a worshipper of the Shining One
  2458 | D:4      | Identified the +2 cloak "Hotuyf" {rElec Will+}
  2504 | D:4      | Found an ancient bone altar of Kikubaaqudgha.
  2505 | D:4      | Found a bloodstained altar of Trog.
  2681 | D:4      | Reached skill level 7 in Polearms
  2681 | D:4      | Noticed Robin
  2825 | D:4      | Killed Robin
  2899 | D:4      | Reached XP level 7. HP: 54/54 MP: 7/7
  3078 | D:4      | Noticed Edmund
  3102 | D:4      | Killed Edmund
  3268 | D:5      | Entered Level 5 of the Dungeon
  3279 | D:5      | Reached skill level 8 in Polearms
  3718 | D:5      | Noticed a steam dragon
  3729 | D:5      | Killed a steam dragon
  3785 | D:5      | Reached skill level 9 in Polearms
  3785 | D:5      | Reached XP level 8. HP: 61/61 MP: 8/8
  3789 | D:5      | Found a hide-covered altar of Uskayaw.
  4166 | D:6      | Reached * piety under the Shining One
  4325 | D:6      | Reached skill level 10 in Polearms
  4436 | D:6      | Reached skill level 5 in Fighting
  4620 | D:6      | Noticed Menkaure
  4625 | D:6      | Killed Menkaure
  4626 | D:6      | Reached skill level 11 in Polearms
  4626 | D:6      | Reached skill level 5 in Dodging
  4744 | D:6      | Found an opulent altar of Gozag.
  4825 | D:6      | Reached XP level 9. HP: 68/68 MP: 9/9
  5747 | D:7      | Reached skill level 12 in Polearms
  5749 | D:7      | Found Dodagh's Desiderata Depot.
  5978 | D:7      | Found a hazy altar of Hepliaklqana.
  5985 | D:7      | Fell from the grace of the Shining One
  5985 | D:7      | Became a worshipper of Hepliaklqana the Forgotten
  6633 | D:8      | Reached skill level 13 in Polearms
  6777 | D:8      | Found a white marble altar of Elyvilon.
  6813 | D:8      | Reached XP level 10. HP: 68/76 MP: 10/10
  6842 | D:8      | Noticed a two-headed ogre
  6856 | D:8      | Killed a two-headed ogre
  6955 | D:8      | Found a runed translucent gate.
  6955 | D:8      | Found a runed translucent gate.
  6955 | D:8      | Noticed a two-headed ogre
  6992 | D:8      | Killed a two-headed ogre
  6993 | D:8      | Reached skill level 14 in Polearms
  6993 | D:8      | Reached skill level 5 in Shields
  7166 | D:8      | Found a runed translucent gate.
  7185 | D:8      | Identified the +6 war axe of Linearity {freeze, Fly}
  7258 | D:8      | Noticed knightboat's ghost (novice DjAE)
  7273 | D:8      | Killed knightboat's ghost
  7619 | D:8      | Noticed a two-headed ogre
  7622 | D:8      | Reached skill level 15 in Polearms
  7635 | D:8      | Killed a two-headed ogre
  7636 | D:8      | Reached skill level 1 in Stealth
  7664 | D:8      | Killed an unseen horror
  7665 | D:8      | Reached XP level 11. HP: 62/84 MP: 11/11
  8127 | D:9      | Found a staircase to the Orcish Mines.
  8293 | D:9      | Found a staircase to the Lair.
  8411 | D:9      | Found a runed translucent door.
  8415 | D:9      | Found a burning altar of Makhleb.
  8415 | D:9      | Noticed a sixfirhy
  8439 | D:9      | Killed a sixfirhy
  8580 | D:9      | Reached * piety under Hepliaklqana
  8598 | D:9      | Found a blossoming altar of Fedhas.
  8864 | D:9      | Found an iron altar of Okawaru.
  8988 | D:9      | Reached skill level 16 in Polearms
  9501 | D:10     | Entered Level 10 of the Dungeon
  9566 | D:10     | Found a runed translucent gate.
  9566 | D:10     | Found a runed translucent gate.
  9566 | D:10     | Found a runed translucent gate.
  9567 | D:10     | Noticed knightboat's ghost (journeyman DjSh)
  9699 | D:10     | Reached skill level 10 in Dodging
  9767 | D:10     | Noticed a two-headed ogre
  9773 | D:10     | Killed a two-headed ogre
  9935 | D:10     | Found a sacrificial altar of Ru.
 10123 | D:10     | Found Ruqot's Book Emporium.
 10472 | D:10     | Killed knightboat's ghost
 10487 | D:10     | Noticed a sun demon
 10771 | D:10     | Reached XP level 12. HP: 61/84 MP: 12/12
 11165 | D:11     | Noticed a two-headed ogre
 11211 | D:11     | Killed a two-headed ogre
 11675 | D:11     | Reached skill level 17 in Polearms
 11925 | D:12     | Reached skill level 5 in Armour
 11987 | D:12     | Reached ** piety under Hepliaklqana
 11988 | D:12     | Remembered your ancestor Wystan as a battlemage
 12009 | D:12     | Found Soreriuj's General Store.
 12132 | D:12     | Noticed a boulder beetle
 12161 | D:12     | Killed a boulder beetle
 12255 | D:12     | Found Kuekerph's Armour Boutique.
 12597 | D:12     | Found Efyhe's Assorted Antiques.
 12808 | D:13     | Noticed a boulder beetle
 12842 | D:13     | Killed a boulder beetle
 12871 | D:13     | Noticed a centaur warrior
 12883 | D:13     | Killed a centaur warrior
 12887 | D:13     | Found a frozen archway.
 12909 | IceCv    | Entered an ice cave
 13146 | IceCv    | Found a transporter.
 13158 | IceCv    | Found a transporter.
 13210 | D:13     | Reached skill level 18 in Polearms
 13263 | D:13     | Reached XP level 13. HP: 86/90 MP: 13/13
 13346 | D:13     | Reached skill level 5 in Stealth
 14028 | D:14     | Reached skill level 10 in Fighting
 14622 | D:14     | Noticed an entropy weaver
 14647 | D:14     | Killed an entropy weaver
 14648 | D:14     | Reached skill level 19 in Polearms
 14951 | D:14     | Found a gate to the Vaults.
 15430 | D:15     | Entered Level 15 of the Dungeon
 15443 | D:15     | Reached XP level 14. HP: 90/98 MP: 14/14
 15589 | D:15     | Found a staircase to the Depths.
 15589 | D:15     | Noticed a stone giant
 15602 | D:15     | Killed a stone giant
 15870 | D:15     | Reached skill level 15 in Dodging
 15887 | D:15     | Reached *** piety under Hepliaklqana
 16021 | D:15     | Identified the ring "Pelaewk" {rPois rF+ Dex+3 SInv}
 16069 | D:15     | Reached skill level 20 in Polearms
 16651 | D:15     | Noticed Azrael
 16684 | D:15     | Killed Azrael
 17357 | D:7      | Bought a manual of Dodging for 960 gold pieces
 17420 | Lair:1   | Entered Level 1 of the Lair of Beasts
 17459 | Lair:1   | Noticed elongatedgoose's ghost (journeyman TeHu)
 17462 | Lair:1   | Found a transporter.
 17560 | Lair:1   | Found a transporter.
 17802 | Lair:1   | Identified the +3 scale mail of Bad Feelings {rElec}
 18123 | Lair:1   | Killed elongatedgoose's ghost
 18455 | Lair:2   | Reached **** piety under Hepliaklqana
 18619 | Lair:2   | Found a staircase to the Shoals.
 18970 | D:7      | Bought a +0 demon trident for 180 gold pieces
 19397 | Lair:3   | Found a runed translucent gate.
 19397 | Lair:3   | Noticed cforsyth's ghost (journeyman DjRe)
 19399 | Lair:3   | Found a runed translucent gate.
 19402 | Lair:3   | Found a runed translucent gate.
 19411 | Lair:3   | Killed cforsyth's ghost
 19547 | Lair:3   | Reached XP level 15. HP: 69/107 MP: 15/15
 19738 | Lair:3   | Identified the +6 flail of Indomitability {flame, Fly rC+}
 19752 | Lair:3   | Reached ***** piety under Hepliaklqana
 19847 | Lair:3   | Found a staircase to the Snake Pit.
 20299 | Lair:4   | Noticed Urug
 20313 | Lair:4   | Killed Urug
 20465 | Lair:4   | Reached skill level 10 in Shields
 21221 | Lair:5   | Entered Level 5 of the Lair of Beasts
 21303 | Lair:5   | Reached skill level 21 in Polearms
 22078 | Lair:5   | Found a corrupted altar of Lugonu.
 22079 | Lair:5   | Found a one-way gate to the infinite horrors of the Abyss.
 22099 | Lair:5   | Got the Directory of Changed Ensorcelling
 22348 | Lair:5   | Found a viscous altar of Jiyva.
 22350 | Lair:5   | Found a staircase to the Slime Pits.
 22634 | Lair:5   | Reached XP level 16. HP: 105/116 MP: 16/16
 22905 | Lair:5   | Voluntarily entered the Abyss.
 22945 | Abyss:1  | Found a corrupted altar of Lugonu.
 22951 | Abyss:1  | Found a corrupted altar of Lugonu.
 23129 | Abyss:1  | Noticed an Executioner
 23141 | Abyss:1  | Killed an Executioner
 23609 | Abyss:2  | Noticed a tentacled starspawn
 23621 | Abyss:2  | Killed a tentacled starspawn
 23864 | Abyss:3  | Reached ****** piety under Hepliaklqana
 24229 | Abyss:3  | Reached skill level 22 in Polearms
 24278 | Abyss:3  | Noticed a profane servitor
 24307 | Abyss:3  | Slain by a profane servitor

Illustrated notes

Levels and vault maps discovered:
D:1:      ncdulo_halloftheorcs, layout_loops_corners
D:2:      layout_rooms, minmay_misc_feat_chi
D:3:      layout_rooms, basic_ecumenical_altar, uniq_sigmund
D:4:      layout_loops_corners, mainiacjoe_overflow_concentric_impassable,
          gammafunk_temple_overflow_pools, minmay_temple_entry_grid,
          serial_shops, nicolae_shop_hallway_stairs, serial_glass,
          glass_columns_b, glass_columns_c, uniq_robin, uniq_edmund
D:5:      layout_gridville, nicolae_uskayaw_dance_hall
D:6:      layout_layer_cave, mainiacjoe_overflow_alcove_2, uniq_menkaure
D:7:      layout_rooms, nzn_hepliaklqana_mist_gate, serial_curves,
          eino_curves_01, eino_curves_02, eino_curves_02, nicolae_alphabet_shops
D:8:      layout_loops_cross, elyvilon_altar_3, gammafunk_ghost_spectres,
          minivault_1, kennysheep_potato
D:9:      layout_loops_cross, nzn_makhleb_speed_demon, lemuel_tele_altar,
          fedhas_altar_2, erik_lair_orcish_takeover, hiddenorc2_lemuel,
          nicolae_looking_at_the_future
D:10:     layout_basic, nicolae_ru_great_annihilating_truth, serial_shops,
          nicolae_shop_tiny_waterfront, gammafunk_ghost_nasty_kobolds
D:11:     layout_rooms, nicolae_benzene_ring, kennysheep_boxes
D:12:     layout_loops_ring, serial_shops, nicolae_take_the_stairs,
          nicolae_shop_waterfront, shop
D:13:     layout_rooms, portal_ice_cave_rime
D:14:     layout_layer_cave, david_vaults_2, serial_library_hellmonk_open_square
D:15:     grunt_enter_depths_snipers, layout_irregular_city,
          nicolae_figureground_sparkle, uniq_azrael
Temple:   minmay_temple_curvy_loop
Lair:1:   layout_roguey, gammafunk_ghost_arena, lemuel_fruit_fields
Lair:2:   layout_big_grid, elwin_shoals_entry_rocks
Lair:3:   layout_cave_pods, nicolae_snake_entry_squirm,
          ebering_ghost_rock_garden, minmay_holes
Lair:4:   layout_regular_city, serial_bayou_shore_b,
          infiniplex_staircase_pool_2, grunt_megastairs_4, lemuel_fruit_tree,
          uniq_urug
Lair:5:   hellmonk_lair_end_abyssal_woods, layout_hall_layers, slime_entry_2
Abyss:3:  base: D:6, hangedman_abyss_sting

Skill      XL: |  1  2  3  4  5  6  7  8  9 10 11 12 13 14 15 16 |
---------------+-------------------------------------------------+-----
Polearms       | 3 4 6 7 9 11 13 15 16 18 19 20 21 22 | 22.0
Dodging        | 1 2 4 5 6 8 10 12 14 17 19 21 | 21.0
Fighting       | 4 5 6 7 8 9 10 11 12 | 12.9
Armour         | 3 4 5 6 |  6.2
Shields        | 4 5 6 7 8 9 11 | 11.9
Stealth        | 1 3 4 5 7 8 |  8.7
Evocations     | |  0.8

Action                     |  1- 3 |  4- 6 |  7- 9 | 10-12 | 13-15 | 16-18 || total
---------------------------+-------+-------+-------+-------+-------+-------++-------
  Melee: Trident           |    72 |   158 |   366 |   786 |  1223 |   310 ||  2915
         Tailslap          |       |       |       |     4 |     3 |    10 ||    17
 Invoke: Ancestor Identity |       |       |       |     1 |       |       ||     1
         Ancestor Life: Ba |       |       |       |     1 |       |       ||     1
         Recall Ancestor   |       |       |       |       |       |     1 ||     1
  Evoke: Wand              |       |       |       |       |     4 |       ||     4
    Use: Scroll            |     1 |     2 |     7 |    14 |    12 |     1 ||    37
         Potion            |     1 |       |     5 |     5 |     1 |     3 ||    15
   Stab: Sleeping          |       |       |       |     5 |     8 |       ||    13
         Distracted        |       |       |       |     5 |    25 |    10 ||    40
         Paralysed         |       |       |       |     1 |       |       ||     1
 Armour: Scale mail        |    31 |    92 |   190 |       |       |       ||   313
         Skin              |       |       |     8 |   124 |       |       ||   132
         Acid dragon scale |       |       |     7 |   289 |   344 |    67 ||   707
  Dodge: Dodged            |    22 |    50 |   143 |   300 |   445 |   113 ||  1073
  Block: Buckler           |    13 |    33 |    80 |   191 |   140 |       ||   457
         Reflection        |       |       |       |    11 |     7 |     2 ||    20
         Kite shield       |       |       |       |       |   449 |   160 ||   609

Table legend: (Time is in decaauts)
 A = Elapsed time spent in this place.
 B = Non-inter-level travel time spent in this place.
 C = Inter-level travel time spent in this place.
 D = Time resting spent in this place.
 E = Time spent auto-exploring this place.
 F = Levels seen in this place.
 G = Mean time per level.
                   A        B        C        D        E       F      G
               +--------+--------+--------+--------+--------+-----+--------+
         Total |  23404 |  22626 |    778 |   1387 |  14708 |  25 |  936.2 |
       Dungeon |  16544 |  15979 |    565 |    578 |  11237 |  15 | 1102.9 |
        Temple |    150 |    150 |      0 |      0 |      0 |   1 |  150.0 |
          Lair |   5169 |   4956 |    213 |    272 |   3006 |   5 | 1033.8 |
         Abyss |   1280 |   1280 |      0 |    537 |    246 |   3 |  426.7 |
      Ice Cave |    259 |    259 |      0 |      0 |    218 |   1 |  259.0 |
               +--------+--------+--------+--------+--------+-----+--------+

Top non-repeatable levels by time:
     D:9: 1731 daAuts
    D:15: 1717 daAuts
  Lair:5: 1586 daAuts
    D:14: 1566 daAuts
    D:10: 1554 daAuts
     D:6: 1544 daAuts
  Lair:3: 1166 daAuts
     D:4: 1109 daAuts
     D:8: 1089 daAuts
     D:7: 949 daAuts
  Lair:1: 913 daAuts
     D:1: 907 daAuts
     D:5: 890 daAuts
  Lair:4: 883 daAuts
    D:12: 837 daAuts
